 Dungeon Sprint DCSS version 0.28.0-53-g5a82cb258f (webtiles) character file.

Game seed: 10898683594396170550

2323 Zeld the Cleaver (level 9, -4/144 HPs)
             Began as a Minotaur Berserker on June 4, 2022.
             Was a High Priest of Trog.
             Slain by a two-headed ogre
             ... wielding a +0 giant spiked club
              (26 damage)
             ... in the Dungeon (Sprint III: "The Ten Rune Challenge").
             The game lasted 00:01:26 (1444 turns).

Zeld the Cleaver (Minotaur Berserker)               Turns: 1444, Time: 00:01:27

Health: -4/144     AC:  2    Str: 25    XL:     9   Next: 19%
Magic:  2/2        EV: 15    Int:  4    God:    Trog [*****.]
Gold:   40         SH:  0    Dex: 11    Spells: 8/8 levels left

rFire   . . .      SeeInvis .   r - +9 great sword (antimagic)
rCold   . . .      Faith    .   (shield currently unavailable)
rNeg    . . .      Spirit   .   b - +0 animal skin
rPois   .          Reflect  .   (helmet restricted)
rElec   .          Harm     .   (no cloak)
rCorr   .          Rampage  .   (no gloves)
Will    .....      NoTele   +   (no boots)
Stlth   ..........              (no amulet)
HPRegen 0.34/turn               (no ring)
MPRegen 0.08/turn               (no ring)

@: berserking, very quick
A: horns 2, retaliatory headbutt
a: Renounce Religion, Berserk, Trog's Hand, Brothers in Arms


You were in the Dungeon.
You worshipped Trog.
Trog was extremely pleased with you.
You visited 1 branch You collected 40 gold pieces.

Inventory:

Hand Weapons
 a - a +0 hand axe
 r - a +9 antimagic great sword (weapon)
Armour
 b - a +0 animal skin (worn)
Wands
 q - a wand of iceblast (15)
Scrolls
 h - a scroll of blinking
 i - 3 scrolls of fog {unknown}
 k - a scroll of torment {unknown}
 l - a scroll of fear {unknown}
 o - a scroll of holy word {unknown}
 p - a scroll of identify {unknown}
Potions
 c - 2 potions of curing
 d - a potion of heal wounds
 e - a potion of haste
 f - 2 potions of magic
 g - a potion of berserk rage
 j - 3 potions of mutation {unknown}
 m - a potion of attraction {unknown}
 n - 2 potions of flight {unknown}
Miscellaneous
 s - a box of beasts


   Skills:
 * Level 14.8 Fighting
 * Level 14.8 Axes
 + Level 10.6 Armour
 + Level 9.7 Dodging


You had 8 spell levels left.
You didn't know any spells.
Your spell library was empty.

Dungeon Overview and Level Annotations

Branches:
Dungeon (1/1)

Altars:
Cheibriados
Dithmenos
Elyvilon
Fedhas
Gozag
Hepliaklqana
Kikubaaqudgha
Makhleb
Nemelex Xobeh
Okawaru
Qazlal
Ru
Sif Muna
Trog
Uskayaw
Vehumet
Wu Jian
Xom
Yredelemnul
Zin
The Shining One
Beogh
Jiyva
Lugonu


Innate Abilities, Weirdness & Mutations

You have a pair of horns on your head.
You reflexively headbutt those who attack you in melee.


Message History

You slice Erolcha!!
Erolcha's magic leaks into the air.
Erolcha is moderately wounded.
Erolcha screams, "Erolcha angry!"
Erolcha hits you with a +0 giant club. Erolcha hits you with a +0 giant club!!
A red film seems to cover your vision as you go berserk!
You feel yourself moving faster!
You feel mighty! Erolcha hits you with a +0 giant club!!
You barely miss Erolcha. You headbutt Erolcha.
Erolcha is heavily wounded.
Erolcha closely misses you.
You slice Erolcha!!
Erolcha's magic leaks into the air.
Your headbutt misses Erolcha.
Erolcha is almost dead.
Erolcha falters for a moment.
You barely miss Erolcha. You headbutt Erolcha.
You feel the power of Trog in you as your rage grows.
You kill Erolcha!
Trog accepts your kill.
Trog appreciates your killing of a magic user.
Your Axes skill increases to level 14!
You have reached level 9!
Your experience leads to an increase in your attributes!
Increase (S)trength, (I)ntelligence, or (D)exterity?
You feel stronger. x2
You slash the two-headed ogre!
The two-headed ogre is lightly wounded.
The two-headed ogre misses you. You furiously retaliate!
You headbutt the two-headed ogre!
The two-headed ogre hits you with a +0 giant club!!
* * * LOW HITPOINT WARNING * * *
You slash the two-headed ogre!
The two-headed ogre is heavily wounded.
The two-headed ogre hits you with a +0 giant spiked club!
* * * LOW HITPOINT WARNING * * *
The two-headed ogre hits you with a +0 giant club.
* * * LOW HITPOINT WARNING * * *
You hit the two-headed ogre.
The two-headed ogre is severely wounded.
The two-headed ogre hits you with a +0 giant spiked club!!
You die...

__# †_# )## ..#
..# #'#
..#+##############
..#....#.#.#.....#
..##.#..#.##)###@#
..'##.#.#.##.#.O##
..#.))#..#..##..
▓▓▓▓▓▓▓▓▓▓▓▓▓▓▓▓


You could see a two-headed ogre.

Vanquished Creatures
  Erolcha (D)
  A deep elf pyromancer (D)
  A shadow (D)
  A spatial vortex (D)
  A necrophage (D)
  4 two-headed ogres (D)
  A water elemental (D)
  A jelly (D)
  A wizard (D)
  A necromancer (D)
  3 humans (D)
  A kobold demonologist (D)
  A wolf (D)
  4 rats (D)
22 creatures vanquished.

Notes
Turn   | Place    | Note
-------+----------+-------------------------------------------
     0 | D        | Zeld the Minotaur Berserker began the quest for the Orb.
     0 | D        | Reached XP level 1. HP: 19/19 MP: 0/0
    41 | D        | Reached ** piety under Trog
    64 | D        | Noticed a wolf
    65 | D        | Killed a wolf
    66 | D        | Reached skill level 5 in Fighting
    66 | D        | Reached skill level 5 in Axes
    66 | D        | Reached XP level 2. HP: 29/29 MP: 1/1
    77 | D        | Reached XP level 3. HP: 37/37 MP: 2/2
   278 | D        | Noticed a water elemental
   281 | D        | Killed a water elemental
   281 | D        | Reached *** piety under Trog
   282 | D        | Reached XP level 4. HP: 47/47 MP: 3/3
   315 | D        | Found a radiant altar of Vehumet.
   315 | D        | Found a shimmering blue altar of Sif Muna.
   315 | D        | Found an ancient bone altar of Kikubaaqudgha.
   315 | D        | Noticed a wizard
   319 | D        | Killed a wizard
   320 | D        | Reached skill level 5 in Armour
   322 | D        | Reached XP level 5. HP: 53/53 MP: 4/4
   411 | D        | Found a glowing silver altar of Zin.
   411 | D        | Found a glowing golden altar of the Shining One.
   411 | D        | Found a white marble altar of Elyvilon.
   413 | D        | Noticed a deep elf pyromancer
   417 | D        | Noticed a fire elemental
   418 | D        | Killed a deep elf pyromancer
   418 | D        | Reached **** piety under Trog
   419 | D        | Reached XP level 6. HP: 68/68 MP: 5/5
   419 | D        | Reached XP level 7. HP: 74/74 MP: 6/6
   563 | D        | Found a hide-covered altar of Uskayaw.
   563 | D        | Found an iron altar of Okawaru.
   563 | D        | Found a bloodstained altar of Trog.
   563 | D        | Found an ornate altar of the Wu Jian Council.
   563 | D        | Noticed a human
   564 | D        | Noticed a human
   579 | D        | HP: 1/111 [human (11)]
   581 | D        | Killed a human
   581 | D        | Killed a human
   918 | D        | Found a basalt altar of Yredelemnul.
   918 | D        | Found a shadowy altar of Dithmenos.
   918 | D        | Found a sacrificial altar of Ru.
   925 | D        | Reached ***** piety under Trog
  1019 | D        | Noticed a shadow
  1022 | D        | Received a gift from Trog
  1023 | D        | Killed a shadow
  1024 | D        | Reached XP level 8. HP: 85/85 MP: 7/7
  1071 | D        | Found a blossoming altar of Fedhas.
  1071 | D        | Found a stormy altar of Qazlal.
  1071 | D        | Found a snail-covered altar of Cheibriados.
  1071 | D        | Found a burning altar of Makhleb.
  1071 | D        | Found a shimmering altar of Xom.
  1072 | D        | Found a hazy altar of Hepliaklqana.
  1072 | D        | Found an opulent altar of Gozag.
  1072 | D        | Found a sparkling altar of Nemelex Xobeh.
  1072 | D        | Found a corrupted altar of Lugonu.
  1072 | D        | Found a viscous altar of Jiyva.
  1255 | D        | Noticed a two-headed ogre
  1262 | D        | Killed a two-headed ogre
  1263 | D        | Reached skill level 10 in Armour
  1436 | D        | Noticed a two-headed ogre
  1436 | D        | Noticed Erolcha
  1441 | D        | Killed Erolcha
  1442 | D        | Reached XP level 9. HP: 71/96 MP: 2/8
  1444 | D        | Slain by a two-headed ogre

Illustrated notes

Levels and vault maps discovered:
D:        dungeon_sprint_mu [sprint_mu_entry_cave, sprint_mu_temple_rooms,
          sprint_mu_d1_spiders, sprint_mu_d2_genie, sprint_mu_d3_branching,
          sprint_mu_orc_legion, sprint_mu_elf_gauntlet, sprint_mu_hive_nellie,
          sprint_mu_lair_fedhas, sprint_mu_vaults_butterflies,
          sprint_mu_slime_circle, sprint_mu_swamp_cave, sprint_mu_shoals_archi,
          sprint_mu_blade_basic, sprint_mu_crypt_chambers,
          sprint_mu_tomb_spiral, sprint_mu_vestibule_basic,
          sprint_mu_gehenna_hellfire, sprint_mu_dis_giant,
          sprint_mu_tartarus_statrot, sprint_mu_cocytus_islands, sprint_mu_zot1]

Skill      XL: |  1  2  3  4  5  6  7  8 |
---------------+-------------------------+-----
Axes           | 5 7 11 12 14 | 14.8
Fighting       | 5 7 11 12 14 | 14.8
Armour         | 3 4 5 7 9 10 | 10.6
Dodging        | 3 4 7 8 9 |  9.7

Action                   |  1- 3 |  4- 6 |  7- 9 || total
-------------------------+-------+-------+-------++-------
Melee: Hand axe          |    15 |     9 |    23 ||    47
       Headbutt          |     2 |       |     9 ||    11
       Great sword       |       |       |    24 ||    24
Invok: Berserk           |     2 |     2 |     6 ||    10
Armor: Animal skin       |     1 |       |       ||     1
Dodge: Dodged            |    10 |     5 |    38 ||    53
